 Dungeon Crawl Stone Soup version 0.28.0-45-g0d030f2227 (webtiles) character file.

Game seed: 4324657554425397217

4 CryoSword the Digger (level 1, -1/10 HPs)
             Began as a Gargoyle Earth Elementalist on Apr 16, 2022.
             Slain by a jackal (2 damage)
             ... on level 1 of the Dungeon.
             The game lasted 00:00:17 (31 turns).

CryoSword the Digger (Gargoyle Earth Elementalist)    Turns: 31, Time: 00:00:17

Health: -1/10      AC:  4    Str: 11    XL:     1   Next: 60%
Magic:  0/3        EV: 12    Int: 15    God:
Gold:   0          SH:  0    Dex: 10    Spells: 3/4 levels left

rFire   . . .      SeeInvis .   (no weapon)
rCold   . . .      Faith    .   (no shield)
rNeg    + . .      Spirit   .   b - +0 robe
rPois   ∞          Reflect  .   (no helmet)
rElec   +          Harm     .   (no cloak)
rCorr   .          Rampage  .   (no gloves)
Will    .....                   (no boots)
Stlth   ++........              (no amulet)
HPRegen 0.03/turn               (no ring)
MPRegen 0.08/turn               (no ring)

@: no status effects
A: sickness immunity, AC +2, negative energy resistance 1, electricity
resistance, torment resistance 1, petrification resistance
a: no special abilities


You were on level 1 of the Dungeon.
You visited 1 branch of the dungeon, and saw 1 of its levels.

Inventory:

Missiles
 c - 26 stones
Armour
 b - a +0 robe (worn)


   Skills:
 + Level 0.2 Fighting
 + Level 1.6 Dodging
 - Level 2.1 Stealth
 - Level 2.0 Spellcasting
 * Level 0.4 Conjurations
 - Level 0.7 Transmutations
 * Level 3.7 Earth Magic


You had 3 spell levels left.
You knew the following spells:

 Your Spells              Type           Power      Damage    Failure   Level
a - Sandblast             Erth           24%        2d8       4%          1

Your spell library contained the following spells:

 Spells                   Type           Power      Damage    Failure   Level
 Passwall                 Tmut/Erth      6%         N/A       13%         2
 Stone Arrow              Conj/Erth      14%        3d7       28%         3
 Petrify                  Tmut/Erth      8%         N/A       65%         4


Dungeon Overview and Level Annotations

Branches:
Dungeon (1/15)

Altars:


Innate Abilities, Weirdness & Mutations

You are immune to sickness and miasma.
Your stone body is resilient. (AC +2)
You are immune to poison.
You resist negative energy. (rN+)
You are resistant to electric shocks. (rElec)
You are resistant to unholy torment.
You are immune to petrification.


Message History

Welcome, CryoSword the Gargoyle Earth Elementalist.
The heart of this dungeon contains the fabulous artefact, the Orb of Zot.
Found a staircase leading out of the dungeon.
Could not explore, unopened door.
You open the door.
There is an open door here.
A jackal comes into view.
A jackal is nearby!
A jackal is nearby! 2 jackals come into view.
Aim: a jackal (74% to hit)
The blast of sand hits the jackal.
The jackal barks! x2; You hear a bark!
A jackal comes into view.
The jackal closely misses you.
Aim: a jackal (almost dead, 74% to hit)
The blast of sand misses the jackal.
The jackal bites you but does no damage. x2
Aim: a jackal (almost dead, 74% to hit)
The blast of sand hits the jackal.
You kill the jackal!
The jackal bites you but does no damage.
The jackal bites you.
You don't have enough magic to cast this spell.
You don't have enough magic to cast this spell.
The jackal bites you.
You barely miss the jackal.
The jackal bites you but does no damage. x2
You hit the jackal. The jackal barely misses you.
You barely miss the jackal. The jackal barely misses you. The jackal bites you.
* * * LOW HITPOINT WARNING * * *
You hit the jackal but do no damage. The jackal barely misses you.
You hit the jackal. The jackal closely misses you.
You hit the jackal but do no damage. The jackal bites you.
* * * LOW HITPOINT WARNING * * *
The jackal closely misses you.
You hit the jackal.
You kill the jackal!
You closely miss the jackal. The jackal bites you.
* * * LOW HITPOINT WARNING * * *
You hit the jackal. The jackal barely misses you. The jackal misses you.
You closely miss the jackal.
The jackal bites you but does no damage.
You barely miss the jackal. The jackal closely misses you. x2
You barely miss the jackal. The jackal closely misses you.
Aim: a jackal (moderately wounded, 74% to hit)
The blast of sand hits the jackal!
You kill the jackal!
The jackal barely misses you.
You closely miss the jackal. The jackal bites you.
You die...

# ## .#
##.##.#
#.?.#. #
#....#.##
#.......#
#..#
#..###h#
#..# #@#
#..###.#
#..#...#
##..##..#
##...#...#
#....##..#
+..<.'...#
#....#...#
##...#...#


You could see a jackal.

Vanquished Creatures
  3 jackals (D:1)
3 creatures vanquished.

Notes
Turn   | Place    | Note
-------+----------+-------------------------------------------
     0 | D:1      | CryoSword the Gargoyle Earth Elementalist began the quest
                  | for the Orb.
     0 | D:1      | Reached XP level 1. HP: 10/10 MP: 3/3
    31 | D:1      | Slain by a jackal

Illustrated notes

Levels and vault maps discovered:
D:1:      giann_horns, layout_loops_corners, chequers_ecumenical_altar_twisty,
          minmay_shallow_snake_nest

Action                   || total
-------------------------++-------
Melee: Unarmed           ||    13
 Cast: Sandblast         ||     4
Armor: Robe              ||     6
Dodge: Dodged            ||    12
